 Dungeon Crawl Stone Soup version 0.31-a0-700-gf13585253f (webtiles) character file.

Game seed: 350456246601436043

76253 qw the Marksgargoyle (level 15, -7/100 HPs)
             Began as a Gargoyle Hunter on Sept 7, 2023.
             Was a High Priest of Okawaru.
             Mangled by a two-headed ogre
             ... wielding a +0 giant club
              (10 damage)
             ... while paralysed by an ogre mage
             ... on level 15 of the Dungeon.
             The game lasted 00:10:40 (18480 turns).

qw the Marksgargoyle (Gargoyle Hunter)             Turns: 18480, Time: 00:10:40

Health: -7/100     AC: 25    Str: 16    XL:     15   Next: 52%
Magic:  22/22      EV:  2    Int: 10    God:    Okawaru [*****.]
Gold:   1097       SH:  0    Dex: 25    Spells: 14/14 levels left

rFire   + . .        u - +5 triple crossbow
rCold   . . .        (shield currently unavailable)
rNeg    + . .        h - +0 troll leather armour
rPois   inf          p - +0 helmet
rElec   +            q - +1 cloak {rPois}
rCorr   .            g - +1 pair of gloves
SInv    .            c - +3 pair of boots "Effoc" {rF+}
Will    +....        t - amulet of faith
Stlth   ++           j - +6 ring of dexterity
HPRegen 1.16/turn    (no ring)
MPRegen 0.18/turn

%: faith
@: paralysed, flying
A: sickness immunity, AC +11, big wings, negative energy resistance 1,
electricity resistance, torment resistance 1, petrification resistance
a: Renounce Religion, Heroism, Finesse, Duel


You were on level 15 of the Dungeon.
You worshipped Okawaru.
Okawaru was extremely pleased with you.
You visited 3 branches of the dungeon, and saw 21 of its levels.

You collected 2215 gold pieces.
You spent 1118 gold pieces at shops.


Innate Abilities, Weirdness & Mutations

You are immune to sickness and miasma.
Your stone body is resilient. (AC +11)
You are immune to poison.
Your large and strong wings let you fly.
You resist negative energy. (rN+)
You are resistant to electric shocks. (rElec)
You are resistant to unholy torment.
You are immune to petrification.


   Skills:
 - Level 14.0 Fighting
 + Level 18.8 Ranged Weapons
 - Level 7.1 Armour
 - Level 9.4 Dodging
 - Level 1.1 Stealth
 - Level 10.0 Invocations


You had 14 spell levels left.
You didn't know any spells.
Your spell library was empty.

Inventory:

Hand Weapons
 u - a +5 triple crossbow (weapon)
Armour
 c - the +3 pair of boots "Effoc" (worn) {rF+}
   (You found it on level 3 of the Dungeon)

   rF+:       It protects you from fire.
 g - a +1 pair of gloves (worn)
 h - a +0 troll leather armour (worn)
 p - a +0 helmet (worn)
 q - a +1 cloak of poison resistance (worn)
Jewellery
 j - a +6 ring of dexterity (left hand)
 o - an amulet of the acrobat
 t - an amulet of faith (around neck)
Wands
 k - a wand of digging (3)
Scrolls
 e - 23 scrolls of identify
 f - 7 scrolls of teleportation
Potions
 a - 4 potions of resistance
 b - 4 potions of cancellation
 d - 10 potions of curing
 i - 4 potions of enlightenment
 m - 9 potions of mutation
 n - 4 potions of heal wounds
 r - 2 potions of magic
 s - 2 potions of might

Dungeon Overview and Level Annotations

Branches:
Dungeon (14/15)            Temple (1/1) D:5            Lair (5/5) D:8
  Swamp (0/4) Lair:3       Spider (0/4) Lair:2          Orc (0/2) D:10
 Vaults (0/5) D:13
  Slime: Lair:4-5

Altars:
Ashenzari
Cheibriados
Dithmenos
Elyvilon
Fedhas
Gozag
Hepliaklqana
Kikubaaqudgha
Makhleb
Nemelex Xobeh
Okawaru
Qazlal
Ru
Sif Muna
Trog
Uskayaw
Vehumet
Wu Jian
Xom
Yredelemnul
Zin
The Shining One

Shops:
D:2 *   D:9 !:   D:11 (:?**

Annotations:
D:8 3 runed translucent doors, qw's ghost, novice MiHs
D:14 2 transporters, Caddoo's ghost, journeyman GrHs
Lair:5 2 runed translucent doors


Message History

18476 |||
Found retreat position at 4,4 (deep_water) with 0 blocking monsters and 3 monsters attacking at destination at distance 4
18476 ||| Stepping ~*~*~tactically~*~*~ (retreating).
The two-headed ogre attacks as it pursues you!
The two-headed ogre barely misses you.
The two-headed ogre hits you with a +0 giant spiked club!
Enter note:
18477 |||
Found retreat position at -1,-4 (floor) with 0 blocking monsters and 3 monsters attacking at destination at distance 4
Enter note:
18477 ||| Stepping ~*~*~tactically~*~*~ (retreating).
A centaur comes into view.
The two-headed ogre barely misses you.
The two-headed ogre hits you with a +0 giant club!!
A two-headed ogre comes into view.
It is wielding a +0 dire flail and a +0 giant spiked club.
The boulder beetle leaps!
18478 |||
Found retreat position at 0,-2 (floor) with 0 blocking monsters and 3 monsters attacking at destination at distance 2
Enter note:
18478 ||| Stepping ~*~*~tactically~*~*~ (retreating).
The centaur misses you. x2; The two-headed ogre misses you.
The two-headed ogre barely misses you. The ogre mage casts a spell at you.
You suddenly lose the ability to move!
The two-headed ogre hits you with a +0 giant spiked club!
The two-headed ogre hits you but does no damage.
The centaur hits you but does no damage.
The centaur kicks you but does no damage.
The two-headed ogre hits you with a +0 giant club!!
The two-headed ogre hits you with a +0 giant spiked club!
A two-headed ogre comes into view.
It is wielding a +0 dire flail and a +0 giant spiked club.
The ogre mage hits you from afar with a +0 spear!
The centaur hits you.
The centaur kicks you but does no damage.
The two-headed ogre hits you but does no damage.
The two-headed ogre hits you with a +0 giant club.
The two-headed ogre hits you with a +0 giant spiked club!
The two-headed ogre hits you with a +0 giant club!
The centaur hits you but does no damage.
The centaur barely misses you.
The two-headed ogre hits you but does no damage.
The two-headed ogre hits you with a +0 giant spiked club!
You die...

#.)# #.O# ...#
..##~.P..~# #
.O##~....~+ ##.
#O##~...8~##
#...##.##~._..~~#+#+
#...O@O##~....8~~~~~
#...cOOB#~......8...
##..##..'~.._.......
#..# #..'~....._..P.
#.. #...#~~.........
##......##~~~~~~~~~~
...P...###''#####
..............########
......P...............


You could see a boulder beetle, 5 two-headed ogres, an ogre mage, an ogre and a
centaur.

Vanquished Creatures
  A catoblepas (Lair:3)
  Harold (D:9)
  4 vault guards (D:13)
  Erolcha (D:9)
  A ghost crab (Lair:3)
  8 hydras
  5 centaur warriors
  3 two-headed ogres
  3 boulder beetles
  A tengu warrior (D:13)
  5 death yaks (Lair:5)
  A spectral catoblepas (Lair:3)
  A skyshark (Lair:1)
  A fire crab (Lair:5)
  2 wizards (D:13)
  2 spectral hydras (Lair:3)
  A lindwurm (Lair:5)
  2 deep elf pyromancers (D:12)
  3 necromancers (D:13)
  A wolf spider (D:15)
  3 ugly things
  A manticore (D:13)
  2 cyclopes
  7 black mambas
  2 elephants (Lair:5)
  Maurice (D:9)
  Joseph (D:9)
  A gargoyle (D:14)
  A torpor snail (Lair:1)
  6 cane toads
  2 molten gargoyles (Lair:5)
  2 unseen horrors (D:12)
  An efreet (D:13)
  14 komodo dragons
  2 rime drakes (Lair:1)
  A tengu conjurer (D:13)
  A meliai (shapeshifter) (D:14)
  2 hornets
  2 polar bears
  8 trolls
  Grinder (D:5)
  13 dream sheep (Lair:5)
  14 blink frogs
  A spectral black mamba (Lair:3)
  2 jumping spiders (Lair:2)
  A culicivora (Lair:2)
  2 wraiths
  3 slime creatures (D:13)
  A spriggan (shapeshifter) (D:12)
  A spriggan (Lair:3)
  16 humans (D:13)
  10 basilisks
  4 wyverns
  65 yaks
  23 vampire mosquitoes
  3 steam dragons
  Menkaure (D:5)
  Edmund (D:5)
  A warg (Lair:1)
  An acid dragon (D:9)
  9 water moccasins
  A sky beast (D:7)
  5 hell hounds (Lair:5)
  2 ice beasts (D:6)
  3 orc warriors
  7 ogres
  2 black bears
  A spectral torpor snail (Lair:3)
  25 wolves
  3 boggarts (D:15)
  6 centaurs
  2 phantoms
  3 kobold brigands
  9 bullfrogs
  4 gnoll sergeants
  3 scorpions
  3 wights (D:10)
  12 killer bees
  An electric eel (D:8)
  2 vampire bats (Lair:1)
  3 howler monkeys
  5 lava snakes (Lair:5)
  11 hounds
  A jelly (D:4)
  10 orc priests
  A gnoll bouda (D:5)
  6 iguanas
  Terence (D:2)
  Natasha (thrice) (D:2)
  11 orc wizards
  22 gnolls
  3 adders (D:5)
  2 ufetubi
  A worm (D:5)
  3 dart slugs
  54 orcs
  10 bats
  2 endoplasms
  2 giant cockroaches
  9 goblins
  7 hobgoblins
  6 quokkas
  4 ball pythons
  3 frilled lizards
  19 kobolds
  8 rats
581 creatures vanquished.

Notes
Turn   | Place    | Note
-------+----------+-------------------------------------------
     0 | D:1      | qw the Gargoyle Hunter began the quest for the Orb.
     0 | D:1      | Reached XP level 1. HP: 12/12 MP: 1/1
     0 | D:1      | 0 ||| qw: Version: 0.3-a-76-g4403597
     0 | D:1      | 0 ||| qw: Game counter: 494
     0 | D:1      | 0 ||| qw: Melee chars always use a shield: true
     0 | D:1      | 0 ||| qw: God list: Okawaru
     0 | D:1      | 0 ||| qw: Allow faded altars: false
     0 | D:1      | 0 ||| qw: Do Orc after clearing Dungeon:15 true
     0 | D:1      | 0 ||| qw: Do second Lair branch before Depths: true
     0 | D:1      | 0 ||| qw: Lair rune preference: random
     0 | D:1      | 0 ||| qw: Goals: Normal
     0 | D:1      | 0 ||| PLANNING D:1-11
    94 | D:1      | Reached XP level 2. HP: 17/17 MP: 2/2
   166 | D:1      | Found a faded altar of an unknown god.
   404 | D:1      | 404 ||| UPGRADING to +0 ring mail.
   414 | D:1      | 414 ||| DROPPING +0 leather armour.
   415 | D:1      | 415 ||| READING scroll labelled GIUNTU QEUDICK.
   419 | D:1      | 419 ||| READING 2 scrolls labelled BOUSMO PAMU.
   420 | D:1      | 420 ||| DROPPING scroll of butterflies.
   544 | D:2      | Reached skill level 1 in Armour
   544 | D:2      | Reached XP level 3. HP: 15/21 MP: 3/3
   710 | D:2      | Noticed Natasha
   715 | D:2      | Killed Natasha
   716 | D:2      | Reached skill level 5 in Ranged Weapons
   786 | D:2      | Reached XP level 4. HP: 27/27 MP: 4/4
   809 | D:2      | Noticed Natasha
   813 | D:2      | Killed Natasha
   814 | D:2      | Reached skill level 3 in Fighting
   921 | D:2      | Found Boxokexu's General Store.
   933 | D:2      | 933 ||| SHOPLISTING +0 pair of boots of rampaging (115
                  | gold, have 49).
   933 | D:2      | 933 ||| SHOPLISTING +2 shortbow of draining (174 gold, have
                  | 49).
   933 | D:2      | 933 ||| SHOPLISTING potion of heal wounds (50 gold, have
                  | 49).
   933 | D:2      | 933 ||| BUYING scroll of teleportation (30 gold).
   933 | D:2      | Bought a scroll of teleportation for 30 gold pieces
   972 | D:2      | Noticed Terence
   982 | D:2      | Killed Terence
   983 | D:2      | Reached XP level 5. HP: 30/32 MP: 5/5
  1115 | D:2      | 1115 ||| READING scroll labelled UPNOGERCHOCW.
  1115 | D:2      | Identified a scroll of acquirement
  1115 | D:2      | 1115 ||| ACQUIRING 1023 gold pieces
  1115 | D:2      | Acquired 1023 gold pieces
  1117 | D:2      | 1117 ||| READING 3 scrolls of identify.
  1117 | D:2      | 1117 ||| IDENTIFYING metallic coppery potion
  1118 | D:2      | 1118 ||| READING 2 scrolls of identify.
  1118 | D:2      | 1118 ||| IDENTIFYING golden potion
  1119 | D:2      | 1119 ||| DROPPING potion of attraction.
  1159 | D:2      | Noticed Natasha
  1168 | D:2      | Killed Natasha
  1369 | D:3      | Reached skill level 6 in Ranged Weapons
  1491 | D:3      | Identified the +3 pair of boots "Effoc" {rF+}
  2049 | D:3      | 2049 ||| UPGRADING to +3 pair of boots "Effoc" {rF+}.
  2054 | D:3      | 2054 ||| UPGRADING to +0 pair of gloves.
  2059 | D:3      | 2059 ||| READING scroll labelled TUICVA WEMIMPI.
  2060 | D:3      | 2060 ||| READING 2 scrolls of identify.
  2060 | D:3      | 2060 ||| IDENTIFYING ruby potion
  2083 | D:4      | 2083 ||| STAIRDANCE
  2096 | D:4      | 2096 ||| STAIRDANCE
  2185 | D:4      | Found an opulent altar of Gozag.
  2341 | D:4      | Reached XP level 6. HP: 37/38 MP: 6/6
  2909 | D:4      | HP: 2/38 [ogre/+0 giant club (12)]
  2910 | D:4      | 2910 ||| READING scroll of teleportation.
  2911 | D:4      | 2911 ||| DRINKING 3 potions of heal wounds.
  2913 | D:4      | Reached skill level 7 in Ranged Weapons
  3169 | D:4      | 3169 ||| DROPPING amulet of magic regeneration.
  3170 | D:4      | 3170 ||| READING scroll labelled YNTOKH XIPOKIA.
  3171 | D:4      | 3171 ||| READING 2 scrolls labelled AQAHI ZOFREOXT.
  3201 | D:4      | 3201 ||| READING 3 scrolls labelled DIMUAL YLOE.
  3202 | D:4      | 3202 ||| READING 2 scrolls of enchant weapon.
  3202 | D:4      | 3202 ||| ENCHANTING +1 shortbow.
  3203 | D:4      | 3203 ||| READING scroll of enchant weapon.
  3203 | D:4      | 3203 ||| ENCHANTING +2 shortbow.
  3204 | D:4      | 3204 ||| READING scroll labelled ASI QOCUOPT.
  3205 | D:4      | 3205 ||| READING scroll labelled CELEINL QEURA.
  3206 | D:4      | 3206 ||| READING 2 scrolls of identify.
  3206 | D:4      | 3206 ||| IDENTIFYING glowing black potion
  3207 | D:4      | 3207 ||| DROPPING potion of invisibility.
  3208 | D:4      | 3208 ||| DROPPING scroll of torment.
  3289 | D:5      | Entered Level 5 of the Dungeon
  3299 | D:5      | Reached XP level 7. HP: 18/43 MP: 7/7
  3299 | D:5      | 3299 ||| STAIRDANCE
  3445 | D:5      | 3445 ||| RETREATING.
  3469 | D:5      | 3469 ||| Stepping ~*~*~tactically~*~*~ (retreating).
  3478 | D:5      | Reached skill level 8 in Ranged Weapons
  3495 | D:5      | 3495 ||| FLEEEEING.
  3533 | D:5      | Reached XP level 8. HP: 49/49 MP: 8/8
  3595 | D:5      | 3595 ||| FLEEEEING.
  3742 | D:5      | Noticed Edmund
  3771 | D:5      | 3771 ||| Stepping ~*~*~tactically~*~*~ (retreating).
  3772 | D:5      | 3772 ||| Stepping ~*~*~tactically~*~*~ (retreating).
  3773 | D:5      | 3773 ||| Stepping ~*~*~tactically~*~*~ (retreating).
  3774 | D:5      | 3774 ||| Stepping ~*~*~tactically~*~*~ (retreating).
  3775 | D:5      | 3775 ||| Stepping ~*~*~tactically~*~*~ (retreating).
  3776 | D:5      | 3776 ||| Stepping ~*~*~tactically~*~*~ (retreating).
  3777 | D:5      | 3777 ||| Stepping ~*~*~tactically~*~*~ (retreating).
  3778 | D:5      | 3778 ||| Stepping ~*~*~tactically~*~*~ (retreating).
  3779 | D:5      | 3779 ||| Stepping ~*~*~tactically~*~*~ (retreating).
  3785 | D:5      | 3785 ||| Stepping ~*~*~tactically~*~*~ (retreating).
  3845 | D:5      | Killed Edmund
  3846 | D:5      | Reached skill level 9 in Ranged Weapons
  3852 | D:5      | 3852 ||| FLEEEEING.
  3917 | D:5      | Found an ornate altar of the Wu Jian Council.
  4118 | D:5      | Found a staircase to the Ecumenical Temple.
  4119 | D:5      | 4119 ||| PLANNING TEMPLE
  4119 | D:5      | 4119 ||| UPGRADING to +0 cloak.
  4124 | D:5      | 4124 ||| READING scroll labelled DEFURAF SIPO.
  4125 | D:5      | 4125 ||| DRINKING 3 fizzy white potions.
  4126 | D:5      | 4126 ||| READING 3 scrolls of identify.
  4126 | D:5      | 4126 ||| IDENTIFYING bubbling orange potion
  4127 | D:5      | 4127 ||| READING 2 scrolls of identify.
  4127 | D:5      | 4127 ||| IDENTIFYING fuming dark potion
  4128 | D:5      | 4128 ||| DROPPING potion of brilliance.
  4132 | D:5      | Noticed Menkaure
  4139 | D:5      | 4139 ||| Stepping ~*~*~tactically~*~*~ (retreating).
  4143 | D:5      | Reached skill level 3 in Armour
  4144 | D:5      | Killed Menkaure
  4145 | D:5      | Reached skill level 6 in Fighting
  4162 | D:5      | Noticed Grinder
  4173 | D:5      | Killed Grinder
  4187 | Temple   | Entered the Ecumenical Temple
  4188 | Temple   | 4188 ||| PLANNING OKAWARU WORSHIP
  4196 | Temple   | Became a worshipper of Warmaster Okawaru
  4197 | Temple   | 4197 ||| PLANNING D:1-11
  4215 | D:5      | Reached skill level 10 in Ranged Weapons
  4215 | D:5      | Reached XP level 9. HP: 46/56 MP: 9/9
  4255 | D:5      | 4255 ||| READING scroll of enchant armour.
  4255 | D:5      | 4255 ||| ENCHANTING +0 pair of gloves.
  4410 | D:6      | 4410 ||| Stepping ~*~*~tactically~*~*~ (outnumbered).
  4886 | D:6      | Reached * piety under Okawaru
  4894 | D:6      | 4894 ||| FLEEEEING.
  4895 | D:6      | 4895 ||| FLEEEEING.
  4896 | D:6      | 4896 ||| STAIRDANCE
  4914 | D:5      | 4914 ||| UPGRADING to +2 leather armour of poison
                  | resistance.
  4924 | D:5      | 4924 ||| DROPPING +0 ring mail.
  4925 | D:5      | 4925 ||| READING 2 scrolls labelled QOUWNI NYUR.
  4926 | D:5      | 4926 ||| READING scroll labelled KASMOGA POIL.
  4927 | D:5      | 4927 ||| DROPPING scroll of vulnerability.
  4936 | D:6      | 4936 ||| STAIRDANCE
  4973 | D:6      | Reached skill level 1 in Invocations
  5000 | D:6      | 5000 ||| INVOKING Heroism.
  5149 | D:6      | Reached skill level 3 in Dodging
  5403 | D:6      | 5403 ||| READING scroll labelled AGROQU NOHEAXU.
  5404 | D:6      | 5404 ||| READING 2 scrolls of identify.
  5404 | D:6      | 5404 ||| IDENTIFYING silvery potion
  5405 | D:6      | 5405 ||| DROPPING potion of degeneration.
  5493 | D:7      | 5493 ||| FLEEEEING.
  5494 | D:7      | 5494 ||| FLEEEEING.
  5518 | D:7      | Reached skill level 3 in Invocations
  5579 | D:7      | 5579 ||| INVOKING Heroism.
  5590 | D:7      | Reached skill level 11 in Ranged Weapons
  5658 | D:7      | 5658 ||| Stepping ~*~*~tactically~*~*~ (outnumbered).
  5662 | D:7      | 5662 ||| Stepping ~*~*~tactically~*~*~ (outnumbered).
  5663 | D:7      | 5663 ||| Stepping ~*~*~tactically~*~*~ (outnumbered).
  5686 | D:7      | 5686 ||| FLEEEEING.
  5687 | D:7      | 5687 ||| FLEEEEING.
  5688 | D:7      | 5688 ||| FLEEEEING.
  5691 | D:7      | 5691 ||| FLEEEEING.
  5692 | D:7      | 5692 ||| FLEEEEING.
  5693 | D:7      | 5693 ||| FLEEEEING.
  5772 | D:7      | 5772 ||| FLEEEEING.
  5871 | D:7      | 5871 ||| INVOKING Heroism.
  5895 | D:7      | 5895 ||| READING scroll of enchant weapon.
  5895 | D:7      | 5895 ||| ENCHANTING +3 shortbow.
  5905 | D:7      | Found a flagged portal.
  6106 | D:7      | 6106 ||| INVOKING Heroism.
  6111 | D:7      | Reached XP level 10. HP: 64/64 MP: 10/13
  6167 | D:7      | 6167 ||| INVOKING Heroism.
  6485 | D:7      | 6485 ||| UPGRADING to +0 steam dragon scales.
  6495 | D:7      | 6495 ||| DROPPING +2 leather armour of poison resistance.
  6496 | D:7      | 6496 ||| UPGRADING to +6 ring of dexterity.
  6497 | D:7      | 6497 ||| READING scroll labelled BULIATTOCO.
  6694 | D:8      | 6694 ||| READING scroll of enchant weapon.
  6694 | D:8      | 6694 ||| ENCHANTING +4 shortbow.
  6712 | D:8      | Found a runed translucent gate.
  6713 | D:8      | Found a runed translucent gate.
  6714 | D:8      | Found a runed translucent gate.
  6715 | D:8      | Noticed qw's ghost (novice MiHs)
  6761 | D:8      | Found a radiant altar of Vehumet.
  6764 | D:8      | 6764 ||| Stepping ~*~*~tactically~*~*~ (outnumbered).
  6818 | D:8      | 6818 ||| INVOKING Heroism.
  6823 | D:8      | 6823 ||| Stepping ~*~*~tactically~*~*~ (retreating).
  6832 | D:8      | Reached ** piety under Okawaru
  6837 | D:8      | 6837 ||| Stepping ~*~*~tactically~*~*~ (retreating).
  6839 | D:8      | 6839 ||| Stepping ~*~*~tactically~*~*~ (retreating).
  6844 | D:8      | Reached skill level 12 in Ranged Weapons
  6850 | D:8      | 6850 ||| INVOKING Heroism.
  6887 | D:8      | 6887 ||| FLEEEEING.
  6991 | D:8      | 6991 ||| INVOKING Heroism.
  7025 | D:8      | Found a staircase to the Lair.
  7079 | D:8      | Found a basalt altar of Yredelemnul.
  7332 | D:8      | 7332 ||| PLANNING LAIR
  7332 | D:8      | 7332 ||| READING 5 scrolls of identify.
  7332 | D:8      | 7332 ||| IDENTIFYING puce potion
  7353 | Lair:1   | Entered Level 1 of the Lair of Beasts
  7360 | Lair:1   | 7360 ||| INVOKING Heroism.
  7490 | Lair:1   | Noticed a skyshark
  7503 | Lair:1   | Killed a skyshark
  7516 | Lair:1   | Noticed a cane toad
  7517 | Lair:1   | 7517 ||| INVOKING Heroism.
  7525 | Lair:1   | Killed a cane toad
  7543 | Lair:1   | 7543 ||| RETREATING.
  7561 | Lair:1   | Reached skill level 13 in Ranged Weapons
  7561 | Lair:1   | Reached XP level 11. HP: 68/68 MP: 14/14
  7586 | Lair:1   | Noticed a four-headed hydra
  7587 | Lair:1   | 7587 ||| INVOKING Heroism.
  7597 | Lair:1   | Killed a four-headed hydra
  7597 | Lair:1   | Reached *** piety under Okawaru
  7598 | Lair:1   | Reached skill level 9 in Fighting
  7648 | Lair:1   | 7648 ||| RETREATING.
  7650 | Lair:1   | 7650 ||| Stepping ~*~*~tactically~*~*~ (retreating).
  7769 | Lair:1   | 7769 ||| INVOKING Heroism.
  7855 | Lair:1   | 7855 ||| INVOKING Heroism.
  7859 | Lair:1   | 7859 ||| RETREATING.
  7863 | Lair:1   | 7863 ||| Stepping ~*~*~tactically~*~*~ (retreating).
  7864 | Lair:1   | 7864 ||| Stepping ~*~*~tactically~*~*~ (retreating).
  7865 | Lair:1   | 7865 ||| Stepping ~*~*~tactically~*~*~ (retreating).
  7870 | Lair:1   | 7870 ||| RETREATING.
  7880 | Lair:1   | 7880 ||| Stepping ~*~*~tactically~*~*~ (retreating).
  7881 | Lair:1   | 7881 ||| Stepping ~*~*~tactically~*~*~ (retreating).
  7887 | Lair:1   | 7887 ||| INVOKING Heroism.
  7963 | Lair:1   | 7963 ||| INVOKING Heroism.
  8136 | Lair:1   | 8136 ||| INVOKING Heroism.
  8149 | Lair:1   | Reached skill level 14 in Ranged Weapons
  8178 | Lair:1   | 8178 ||| SWAPPING to +0 arbalest.
  8179 | Lair:1   | 8179 ||| INVOKING Heroism.
  8185 | Lair:1   | 8185 ||| FLEEEEING.
  8186 | Lair:1   | 8186 ||| FLEEEEING.
  8187 | Lair:1   | 8187 ||| FLEEEEING.
  8315 | Lair:1   | 8315 ||| DROPPING +5 shortbow.
  8467 | Lair:2   | 8467 ||| STAIRDANCE
  8521 | Lair:2   | 8521 ||| STAIRDANCE
  8527 | Lair:1   | Reached skill level 6 in Dodging
  8532 | Lair:1   | Received a gift from Okawaru
  8595 | Lair:2   | 8595 ||| INVOKING Heroism.
  8596 | Lair:2   | 8596 ||| STAIRDANCE
  8653 | Lair:2   | 8653 ||| STAIRDANCE
  8661 | Lair:2   | 8661 ||| STAIRDANCE
  8761 | Lair:2   | 8761 ||| Stepping ~*~*~tactically~*~*~ (retreating).
  8763 | Lair:2   | 8763 ||| Stepping ~*~*~tactically~*~*~ (retreating).
  8764 | Lair:2   | 8764 ||| Stepping ~*~*~tactically~*~*~ (retreating).
  8765 | Lair:2   | 8765 ||| Stepping ~*~*~tactically~*~*~ (retreating).
  8773 | Lair:2   | Reached **** piety under Okawaru
  8778 | Lair:2   | 8778 ||| INVOKING Heroism.
  8827 | Lair:2   | 8827 ||| FLEEEEING.
  8854 | Lair:2   | 8854 ||| INVOKING Heroism.
  8937 | Lair:2   | 8937 ||| RETREATING.
  8959 | Lair:2   | 8959 ||| INVOKING Heroism.
  8964 | Lair:2   | Reached XP level 12. HP: 77/77 MP: 12/15
  8994 | Lair:2   | Noticed an eight-headed hydra
  8995 | Lair:2   | 8995 ||| INVOKING Heroism.
  9015 | Lair:2   | 9015 ||| RETREATING.
  9020 | Lair:2   | Killed an eight-headed hydra
  9072 | Lair:2   | 9072 ||| RETREATING.
  9087 | Lair:2   | 9087 ||| INVOKING Heroism.
  9671 | Lair:2   | Found a hole to the Spider Nest.
  9673 | Lair:2   | 9673 ||| RETREATING.
  9675 | Lair:2   | 9675 ||| Stepping ~*~*~tactically~*~*~ (retreating).
  9682 | Lair:2   | Reached skill level 15 in Ranged Weapons
  9685 | Lair:2   | Reached skill level 6 in Invocations
  9808 | Lair:2   | 9808 ||| UPGRADING to amulet of the acrobat.
  9813 | Lair:2   | 9813 ||| DROPPING amulet of guardian spirit.
  9814 | Lair:2   | 9814 ||| READING scroll labelled QACATE ZASYR.
  9858 | Lair:3   | 9858 ||| PLANNING GAUNTLET
  9861 | Lair:3   | 9861 ||| INVOKING Heroism.
  9884 | Lair:3   | 9884 ||| RETREATING.
  9887 | Lair:3   | 9887 ||| FLEEEEING.
  9888 | Lair:3   | 9888 ||| FLEEEEING.
  9999 | Lair:3   | 9999 ||| Stepping ~*~*~tactically~*~*~ (retreating).
 10000 | Lair:3   | 10000 ||| Stepping ~*~*~tactically~*~*~ (retreating).
 10001 | Lair:3   | 10001 ||| Stepping ~*~*~tactically~*~*~ (retreating).
 10002 | Lair:3   | 10002 ||| INVOKING Heroism.
 10015 | Lair:3   | HP: 18/77 [black mamba (5)]
 10016 | Lair:3   | 10016 ||| READING 3 scrolls of teleportation.
 10017 | Lair:3   | 10017 ||| DRINKING 2 potions of heal wounds.
 10020 | Lair:3   | 10020 ||| DRINKING potion of heal wounds.
 10058 | Lair:3   | 10058 ||| INVOKING Heroism.
 10161 | Lair:3   | Noticed a catoblepas
 10162 | Lair:3   | 10162 ||| INVOKING Heroism.
 10170 | Lair:3   | Killed a catoblepas
 10210 | Lair:3   | 10210 ||| INVOKING Heroism.
 10232 | Lair:3   | Reached ***** piety under Okawaru
 10298 | Lair:3   | 10298 ||| INVOKING Heroism.
 10446 | Lair:3   | 10446 ||| RIP GAUNTLET
 10471 | Lair:3   | 10471 ||| PLANNING LAIR
 10473 | Lair:3   | 10473 ||| RETREATING.
 10573 | Lair:3   | 10573 ||| Stepping ~*~*~tactically~*~*~ (retreating).
 10574 | Lair:3   | 10574 ||| Stepping ~*~*~tactically~*~*~ (retreating).
 10575 | Lair:3   | 10575 ||| Stepping ~*~*~tactically~*~*~ (retreating).
 10576 | Lair:3   | 10576 ||| Stepping ~*~*~tactically~*~*~ (retreating).
 10594 | Lair:3   | Reached XP level 13. HP: 74/82 MP: 19/19
 10691 | Lair:3   | 10691 ||| INVOKING Heroism.
 10694 | Lair:3   | Reached skill level 16 in Ranged Weapons
 10702 | Lair:3   | Reached skill level 9 in Invocations
 10835 | Lair:3   | 10835 ||| RETREATING.
 10845 | Lair:3   | 10845 ||| Stepping ~*~*~tactically~*~*~ (retreating).
 10849 | Lair:3   | 10849 ||| Stepping ~*~*~tactically~*~*~ (retreating).
 10850 | Lair:3   | 10850 ||| Stepping ~*~*~tactically~*~*~ (retreating).
 10851 | Lair:3   | 10851 ||| Stepping ~*~*~tactically~*~*~ (retreating).
 10852 | Lair:3   | 10852 ||| Stepping ~*~*~tactically~*~*~ (retreating).
 10853 | Lair:3   | 10853 ||| Stepping ~*~*~tactically~*~*~ (retreating).
 10854 | Lair:3   | 10854 ||| Stepping ~*~*~tactically~*~*~ (retreating).
 11019 | Lair:3   | 11019 ||| INVOKING Heroism.
 11034 | Lair:3   | Found a staircase to the Swamp.
 11037 | Lair:3   | 11037 ||| RETREATING.
 11041 | Lair:3   | 11041 ||| INVOKING Heroism.
 11042 | Lair:3   | 11042 ||| Stepping ~*~*~tactically~*~*~ (retreating).
 11043 | Lair:3   | 11043 ||| Stepping ~*~*~tactically~*~*~ (retreating).
 11044 | Lair:3   | 11044 ||| Stepping ~*~*~tactically~*~*~ (retreating).
 11045 | Lair:3   | 11045 ||| Stepping ~*~*~tactically~*~*~ (retreating).
 11056 | Lair:3   | 11056 ||| Stepping ~*~*~tactically~*~*~ (retreating).
 11057 | Lair:3   | 11057 ||| Stepping ~*~*~tactically~*~*~ (retreating).
 11058 | Lair:3   | 11058 ||| Stepping ~*~*~tactically~*~*~ (retreating).
 11060 | Lair:3   | 11060 ||| Stepping ~*~*~tactically~*~*~ (retreating).
 11062 | Lair:3   | 11062 ||| Stepping ~*~*~tactically~*~*~ (retreating).
 11070 | Lair:3   | 11070 ||| Stepping ~*~*~tactically~*~*~ (cloud).
 11316 | Lair:3   | 11316 ||| READING 3 scrolls labelled MANILOT YMAD.
 11317 | Lair:3   | 11317 ||| DROPPING 2 scrolls of immolation.
 11341 | Lair:4   | 11341 ||| INVOKING Heroism.
 11343 | Lair:4   | 11343 ||| RETREATING.
 11345 | Lair:4   | 11345 ||| Stepping ~*~*~tactically~*~*~ (retreating).
 11346 | Lair:4   | 11346 ||| Stepping ~*~*~tactically~*~*~ (retreating).
 11347 | Lair:4   | 11347 ||| Stepping ~*~*~tactically~*~*~ (retreating).
 11358 | Lair:4   | Received a gift from Okawaru
 11379 | Lair:4   | 11379 ||| INVOKING Heroism.
 11430 | Lair:4   | 11430 ||| RETREATING.
 11440 | Lair:4   | 11440 ||| INVOKING Heroism.
 11647 | Lair:4   | 11647 ||| Stepping ~*~*~tactically~*~*~ (retreating).
 11648 | Lair:4   | 11648 ||| Stepping ~*~*~tactically~*~*~ (retreating).
 11649 | Lair:4   | 11649 ||| Stepping ~*~*~tactically~*~*~ (retreating).
 11650 | Lair:4   | 11650 ||| Stepping ~*~*~tactically~*~*~ (retreating).
 11651 | Lair:4   | 11651 ||| Stepping ~*~*~tactically~*~*~ (retreating).
 11652 | Lair:4   | 11652 ||| INVOKING Heroism.
 11660 | Lair:4   | Reached skill level 6 in Armour
 12212 | Lair:5   | Entered Level 5 of the Lair of Beasts
 12213 | Lair:5   | 12213 ||| RETREATING.
 12214 | Lair:5   | 12214 ||| Stepping ~*~*~tactically~*~*~ (retreating).
 12215 | Lair:5   | 12215 ||| Stepping ~*~*~tactically~*~*~ (retreating).
 12216 | Lair:5   | 12216 ||| Stepping ~*~*~tactically~*~*~ (retreating).
 12217 | Lair:5   | 12217 ||| Stepping ~*~*~tactically~*~*~ (retreating).
 12218 | Lair:5   | 12218 ||| Stepping ~*~*~tactically~*~*~ (retreating).
 12236 | Lair:5   | 12236 ||| Stepping ~*~*~tactically~*~*~ (outnumbered).
 12243 | Lair:5   | 12243 ||| INVOKING Heroism.
 12458 | Lair:5   | 12458 ||| RETREATING.
 12459 | Lair:5   | 12459 ||| INVOKING Heroism.
 12460 | Lair:5   | 12460 ||| INVOKING Finesse.
 12500 | Lair:5   | Received a gift from Okawaru
 12501 | Lair:5   | Reached skill level 17 in Ranged Weapons
 12524 | Lair:5   | 12524 ||| Stepping ~*~*~tactically~*~*~ (retreating).
 12525 | Lair:5   | 12525 ||| Stepping ~*~*~tactically~*~*~ (retreating).
 12526 | Lair:5   | 12526 ||| Stepping ~*~*~tactically~*~*~ (retreating).
 12527 | Lair:5   | 12527 ||| Stepping ~*~*~tactically~*~*~ (retreating).
 12528 | Lair:5   | 12528 ||| Stepping ~*~*~tactically~*~*~ (retreating).
 12529 | Lair:5   | 12529 ||| INVOKING Heroism.
 12552 | Lair:5   | Gained mutation: Your large and strong wings let you fly.
                  | [Gargoyle growth]
 12552 | Lair:5   | Reached XP level 14. HP: 69/90 MP: 21/21
 12749 | Lair:5   | 12749 ||| INVOKING Heroism.
 12750 | Lair:5   | 12750 ||| Stepping ~*~*~tactically~*~*~ (retreating).
 12832 | Lair:5   | 12832 ||| INVOKING Heroism.
 13192 | Lair:5   | Found a large runed translucent door.
 13192 | Lair:5   | Found a large runed translucent door.
 13320 | Lair:5   | 13320 ||| Stepping ~*~*~tactically~*~*~ (outnumbered).
 13321 | Lair:5   | 13321 ||| READING 14 scrolls of identify.
 13321 | Lair:5   | 13321 ||| IDENTIFYING emerald potion
 13325 | Lair:5   | Reached skill level 18 in Ranged Weapons
 13343 | Lair:5   | 13343 ||| INVOKING Heroism.
 14040 | Lair:5   | 14040 ||| RETREATING.
 14060 | Lair:5   | 14060 ||| INVOKING Heroism.
 14065 | Lair:5   | Reached skill level 12 in Fighting
 14068 | Lair:5   | HP: 23/92 [yak (7)]
 14069 | Lair:5   | 14069 ||| READING 3 scrolls of teleportation.
 14072 | Lair:5   | 14072 ||| RETREATING.
 14073 | Lair:5   | 14073 ||| Stepping ~*~*~tactically~*~*~ (retreating).
 14075 | Lair:5   | 14075 ||| Stepping ~*~*~tactically~*~*~ (retreating).
 14079 | Lair:5   | HP: 23/92 [elephant (2)]
 14080 | Lair:5   | 14080 ||| READING 2 scrolls of teleportation.
 14302 | Lair:5   | 14302 ||| PLANNING D:1-11
 14452 | D:9      | 14452 ||| RETREATING.
 14522 | D:9      | 14522 ||| READING scroll of enchant weapon.
 14522 | D:9      | 14522 ||| ENCHANTING +0 arbalest.
 14548 | D:9      | Noticed Joseph
 14552 | D:9      | 14552 ||| Stepping ~*~*~tactically~*~*~ (outnumbered).
 14564 | D:9      | Killed Joseph
 14866 | D:9      | Noticed Harold
 14875 | D:9      | Killed Harold
 14881 | D:9      | 14881 ||| READING scroll of enchant weapon.
 14881 | D:9      | 14881 ||| ENCHANTING +1 arbalest.
 14896 | D:9      | Found Ganodeq's Tiny Tomes.
 14909 | D:9      | Noticed Maurice
 14913 | D:9      | Paralysed by Maurice for 4 turns
 14920 | D:9      | Killed Maurice
 14944 | D:9      | Noticed Erolcha
 14945 | D:9      | 14945 ||| INVOKING Heroism.
 14946 | D:9      | 14946 ||| INVOKING Finesse.
 14950 | D:9      | Killed Erolcha
 15028 | D:9      | Found Byawaj's Distillery.
 15031 | D:9      | 15031 ||| BUYING 2 potions of resistance (300 gold).
 15031 | D:9      | Bought 2 potions of resistance for 300 gold pieces
 15031 | D:9      | 15031 ||| BUYING potion of magic (120 gold).
 15031 | D:9      | Bought a potion of magic for 120 gold pieces
 15031 | D:9      | 15031 ||| BUYING potion of magic (120 gold).
 15031 | D:9      | Bought a potion of magic for 120 gold pieces
 15031 | D:9      | 15031 ||| BUYING potion of might (60 gold).
 15031 | D:9      | Bought a potion of might for 60 gold pieces
 15031 | D:9      | 15031 ||| BUYING potion of mutation (120 gold).
 15031 | D:9      | Bought a potion of mutation for 120 gold pieces
 15112 | D:9      | 15112 ||| UPGRADING to +0 acid dragon scales.
 15122 | D:9      | 15122 ||| UPGRADING to +1 cloak of poison resistance.
 15132 | D:9      | 15132 ||| DROPPING +0 cloak.
 15133 | D:9      | 15133 ||| READING 15 scrolls of identify.
 15133 | D:9      | 15133 ||| IDENTIFYING fizzy clear potion
 15134 | D:9      | 15134 ||| DROPPING potion of lignification.
 15148 | D:10     | Entered Level 10 of the Dungeon
 15227 | D:10     | Identified the +0 sling of the Onslaught {drain, rPois
                  | Int+2}
 15334 | D:10     | 15334 ||| READING scroll of enchant armour.
 15334 | D:10     | 15334 ||| ENCHANTING +0 acid dragon scales.
 15542 | D:10     | Found a staircase to the Orcish Mines.
 15548 | D:10     | 15548 ||| Stepping ~*~*~tactically~*~*~ (outnumbered).
 15550 | D:10     | 15550 ||| Stepping ~*~*~tactically~*~*~ (outnumbered).
 15584 | D:10     | 15584 ||| UPGRADING to +0 troll leather armour.
 15594 | D:10     | 15594 ||| DROPPING +0 steam dragon scales.
 15595 | D:10     | 15595 ||| DROPPING +1 acid dragon scales.
 15596 | D:10     | 15596 ||| UPGRADING to +0 helmet.
 15641 | D:11     | 15641 ||| STAIRDANCE
 15647 | D:11     | 15647 ||| STAIRDANCE
 15658 | D:11     | 15658 ||| STAIRDANCE
 15687 | D:11     | Found Arpheis's Magic Scroll Shoppe.
 15695 | D:11     | 15695 ||| BUYING scroll of teleportation (42 gold).
 15695 | D:11     | Bought a scroll of teleportation for 42 gold pieces
 15705 | D:11     | Found Soroy's Antique Weapon Emporium.
 15714 | D:11     | 15714 ||| BUYING runed orcbow (182 gold).
 15714 | D:11     | Bought a runed orcbow for 182 gold pieces
 15714 | D:11     | 15714 ||| SWAPPING to +2 heavy orcbow.
 15715 | D:11     | 15715 ||| DROPPING +2 arbalest.
 15826 | D:11     | 15826 ||| Stepping ~*~*~tactically~*~*~ (outnumbered).
 15828 | D:11     | 15828 ||| Stepping ~*~*~tactically~*~*~ (outnumbered).
 15832 | D:11     | 15832 ||| Stepping ~*~*~tactically~*~*~ (outnumbered).
 15847 | D:11     | Found Ticur's General Store.
 15853 | D:11     | 15853 ||| BUYING scroll of teleportation (48 gold).
 15853 | D:11     | Bought a scroll of teleportation for 48 gold pieces
 15853 | D:11     | 15853 ||| BUYING scroll of teleportation (48 gold).
 15853 | D:11     | Bought a scroll of teleportation for 48 gold pieces
 15853 | D:11     | 15853 ||| BUYING scroll of teleportation (48 gold).
 15853 | D:11     | Bought a scroll of teleportation for 48 gold pieces
 15909 | D:11     | 15909 ||| INVOKING Heroism.
 15910 | D:11     | 15910 ||| INVOKING Finesse.
 16001 | D:11     | Found Miykluih's Book Emporium.
 16027 | D:11     | 16027 ||| RETREATING.
 16041 | D:11     | 16041 ||| INVOKING Heroism.
 16087 | D:11     | 16087 ||| READING scroll of enchant weapon.
 16087 | D:11     | 16087 ||| ENCHANTING +2 heavy orcbow.
 16134 | D:11     | Found Lykhlacue's General Store.
 16361 | D:11     | 16361 ||| PLANNING D
 16421 | D:12     | 16421 ||| Stepping randomly (disturbance).
 16422 | D:12     | 16422 ||| Stepping randomly (disturbance).
 16423 | D:12     | 16423 ||| Stepping randomly (disturbance).
 16424 | D:12     | 16424 ||| Stepping randomly (disturbance).
 16425 | D:12     | 16425 ||| Stepping randomly (disturbance).
 16427 | D:12     | 16427 ||| Stepping randomly (disturbance).
 16496 | D:12     | 16496 ||| Stepping randomly (disturbance).
 16497 | D:12     | 16497 ||| Stepping randomly (disturbance).
 16498 | D:12     | 16498 ||| Stepping randomly (disturbance).
 16499 | D:12     | 16499 ||| Stepping randomly (disturbance).
 16500 | D:12     | 16500 ||| Stepping randomly (disturbance).
 16504 | D:12     | 16504 ||| INVOKING Heroism.
 16505 | D:12     | 16505 ||| INVOKING Finesse.
 16760 | D:12     | 16760 ||| INVOKING Heroism.
 16761 | D:12     | 16761 ||| INVOKING Finesse.
 17115 | D:12     | 17115 ||| DROPPING +0 pair of boots of flying.
 17215 | D:13     | 17215 ||| FLEEEEING.
 17216 | D:13     | 17216 ||| FLEEEEING.
 17217 | D:13     | 17217 ||| FLEEEEING.
 17230 | D:13     | Reached skill level 9 in Dodging
 17254 | D:13     | Reached XP level 15. HP: 98/98 MP: 22/22
 17458 | D:13     | 17458 ||| READING scroll of enchant weapon.
 17458 | D:13     | 17458 ||| ENCHANTING +3 heavy orcbow.
 17518 | D:13     | 17518 ||| READING scroll of enchant weapon.
 17518 | D:13     | 17518 ||| ENCHANTING +4 heavy orcbow.
 17714 | D:13     | Received a gift from Okawaru
 17729 | D:13     | 17729 ||| RETREATING.
 17734 | D:13     | 17734 ||| SWAPPING to +5 triple crossbow.
 17750 | D:13     | 17750 ||| DROPPING +5 heavy orcbow.
 17774 | D:13     | 17774 ||| RETREATING.
 17776 | D:13     | 17776 ||| Stepping ~*~*~tactically~*~*~ (retreating).
 17779 | D:13     | 17779 ||| Stepping ~*~*~tactically~*~*~ (retreating).
 17780 | D:13     | 17780 ||| Stepping ~*~*~tactically~*~*~ (retreating).
 17781 | D:13     | 17781 ||| Stepping ~*~*~tactically~*~*~ (retreating).
 17782 | D:13     | 17782 ||| Stepping ~*~*~tactically~*~*~ (retreating).
 17783 | D:13     | 17783 ||| Stepping ~*~*~tactically~*~*~ (retreating).
 17784 | D:13     | 17784 ||| Stepping ~*~*~tactically~*~*~ (retreating).
 17785 | D:13     | 17785 ||| Stepping ~*~*~tactically~*~*~ (retreating).
 17817 | D:13     | 17817 ||| Stepping ~*~*~tactically~*~*~ (retreating).
 17833 | D:13     | 17833 ||| INVOKING Heroism.
 17884 | D:13     | Found a gate to the Vaults.
 18016 | D:13     | 18016 ||| UPGRADING to amulet of faith.
 18096 | D:14     | 18096 ||| INVOKING Heroism.
 18128 | D:14     | Found a transporter.
 18130 | D:14     | Noticed Caddoo's ghost (journeyman GrHs)
 18131 | D:14     | Found a transporter.
 18197 | D:14     | You are sucked into a shaft and drop 1 floor!
 18197 | D:15     | Entered Level 15 of the Dungeon
 18208 | D:15     | 18208 ||| INVOKING Heroism.
 18235 | D:15     | 18235 ||| INVOKING Finesse.
 18239 | D:15     | 18239 ||| RETREATING.
 18264 | D:15     | 18264 ||| INVOKING Heroism.
 18265 | D:15     | 18265 ||| INVOKING Finesse.
 18276 | D:15     | 18276 ||| Stepping ~*~*~tactically~*~*~ (retreating).
 18277 | D:15     | 18277 ||| Stepping ~*~*~tactically~*~*~ (retreating).
 18278 | D:15     | 18278 ||| Stepping ~*~*~tactically~*~*~ (retreating).
 18280 | D:15     | 18280 ||| Stepping ~*~*~tactically~*~*~ (retreating).
 18281 | D:15     | 18281 ||| Stepping ~*~*~tactically~*~*~ (retreating).
 18373 | D:15     | 18373 ||| Invisibility monster not found???
 18458 | D:15     | Found an iron altar of Okawaru.
 18458 | D:15     | Found a sparkling altar of Nemelex Xobeh.
 18459 | D:15     | Found a shimmering altar of Xom.
 18475 | D:15     | 18475 ||| Stepping ~*~*~tactically~*~*~ (retreating).
 18476 | D:15     | 18476 ||| Stepping ~*~*~tactically~*~*~ (retreating).
 18477 | D:15     | 18477 ||| Stepping ~*~*~tactically~*~*~ (retreating).
 18478 | D:15     | 18478 ||| Stepping ~*~*~tactically~*~*~ (retreating).
 18478 | D:15     | Paralysed by an ogre mage for 3 turns
 18479 | D:15     | HP: 19/100 [ogre mage/+0 spear (11)]
 18480 | D:15     | HP: 3/100 [two-headed ogre/+0 giant spiked club (7)]
 18480 | D:15     | Mangled by a two-headed ogre

Levels and vault maps discovered:
D:1:      enne_arrival_octagon_isle, layout_rooms,
          hellmonk_ecumenical_altar_arch_garden, minmay_pentomino_p2
D:2:      layout_loops_ring, serial_shops, nicolae_shop_getting_attention,
          uniq_terence, uniq_natasha
D:3:      layout_loops_corners
D:4:      kennysheep_spiral_hall, layout_cave_pods, grunt_gozag_breadcrumbs
D:5:      minmay_recursive_quarters, layout_rooms, nicolae_wu_jian_wuxing_cycle,
          minmay_temple_entry_glass, uniq_menkaure, uniq_grinder, uniq_edmund
D:6:      layout_basic
D:7:      layout_loops_corners, enter_bailey_2
D:8:      layout_basic, vehumet_altar_wand_db, mainiacjoe_overflow_brackets,
          erik_lair_island, gammafunk_ghost_spectres
D:9:      layout_rooms, serial_shops, nicolae_shop_hallway_stairs,
          serial_corexii_hall, corexii_hall_statues_x,
          chequers_hall_statues_corner_a, chequers_hall_statues_wall_a,
          chequers_hall_statues_wall_a, corexii_hall_statues_i,
          corexii_hall_statues_i, nicolae_shop_i_like_small_books_too,
          uniq_joseph, uniq_harold, uniq_erolcha, uniq_maurice
D:10:     layout_gridville, david_orc_3
D:11:     layout_loops_ring, serial_shops, nicolae_shop_tiny_real_fake_doors,
          shop, nicolae_stop_n_shop_1, shop, shop_fountains,
          kennysheep_opposing_triangles
D:12:     layout_loops_ring
D:13:     layout_loops_ring, grunt_vaults_entry_tiered
D:14:     layout_loops_ring, gammafunk_ghost_mausoleum,
          nzn_hepliaklqana_mist_gate, amcnicky_mini_pool_small
D:15:     hangedman_slaughterboxes
Temple:   nicolae_temple_two_arcs
Lair:1:   layout_regular_city, roderic_batcave, serial_bayou_pond_d, st_stairs_4
Lair:2:   beast_lair_carwin_large_4, layout_regular_city,
          spider_nest_entry_funnel_web, enter_volcano_4, lemuel_fruit_fields
Lair:3:   layout_chaotic_city, nicolae_swamp_entry_spooky,
          gauntlet_entry_generic, grunt_forest_large_clearing_hut
Lair:4:   layout_cave_shapes, st_stairs_3
Lair:5:   cheibrodos_lair_end_hotspot, layout_gridlike,
          dpeg_slime_entry_enclosed, ebering_ghost_rock_garden

Skill      XL: |  1  2  3  4  5  6  7  8  9 10 11 12 13 14 15 |
---------------+----------------------------------------------+-----
Armour         | 1 2 3 4 5 6 7 |  7.1
Ranged Weapons | 5 6 7 8 10 11 13 14 15 17 18 | 18.8
Fighting       | 3 4 5 6 8 10 11 13 14 | 14.0
Dodging        | 2 3 5 6 7 9 |  9.4
Invocations    | 4 8 10 | 10.0
Stealth        | |  1.1

Action                     |  1- 3 |  4- 6 |  7- 9 | 10-12 | 13-15 || total
---------------------------+-------+-------+-------+-------+-------++-------
   Fire: Shortbow          |    86 |   186 |   397 |   376 |       ||  1045
         Arbalest          |       |       |       |   362 |   659 ||  1021
         Orcbow            |       |       |       |       |   225 ||   225
         Triple crossbow   |       |       |       |       |   190 ||   190
 Invoke: Heroism           |       |       |     4 |    25 |    23 ||    52
         Finesse           |       |       |       |       |     7 ||     7
    Use: Scroll            |     2 |    14 |     9 |     5 |    11 ||    41
         Potion            |       |     1 |     1 |     2 |       ||     4
 Armour: Leather armour    |     3 |       |    28 |     3 |       ||    34
         Ring mail         |    32 |    82 |   148 |       |       ||   262
         Steam dragon scal |       |       |       |   298 |   282 ||   580
         Troll leather arm |       |       |       |       |   163 ||   163
         Acid dragon scale |       |       |       |       |     6 ||     6
  Dodge: Dodged            |    21 |    77 |   107 |   494 |   639 ||  1338

Table legend:
 A = Non-vault XP
 B = Vault XP
 C = Vault XP percentage of total XP
 D = Non-vault monster count
 E = Vault monster count
 F = Vault count percentage of total count
                 A         B        C        D         E       F
            +---------+---------+-------+---------+---------+-------
      Total |   74992 |   33941 |  31.2 |     440 |     141 |  24.3
            +---------+---------+-------+---------+---------+-------
        D:1 |      23 |       2 |   8.0 |      14 |       1 |   6.7
        D:2 |     110 |      71 |  39.2 |      23 |       2 |   8.0
        D:3 |      79 |       0 |   0.0 |      19 |       0 |   0.0
        D:4 |     279 |      46 |  14.2 |      15 |       4 |  21.1
        D:5 |     780 |    1052 |  57.4 |      21 |      14 |  40.0
        D:6 |    1357 |       0 |   0.0 |      24 |       0 |   0.0
        D:7 |    1312 |       0 |   0.0 |      33 |       0 |   0.0
        D:8 |    1500 |     756 |  33.5 |      26 |       9 |  25.7
        D:9 |    1906 |    2639 |  58.1 |      23 |       4 |  14.8
       D:10 |    3700 |     204 |   5.2 |      22 |       7 |  24.1
       D:11 |    2381 |     893 |  27.3 |      10 |       4 |  28.6
       D:12 |    8052 |       0 |   0.0 |      27 |       0 |   0.0
       D:13 |    9201 |    9736 |  51.4 |      26 |      25 |  49.0
       D:14 |     787 |       0 |   0.0 |       5 |       0 |   0.0
       D:15 |       0 |    3306 | 100.0 |       0 |       8 | 100.0
     Lair:1 |    7472 |    1582 |  17.5 |      28 |      14 |  33.3
     Lair:2 |    5203 |    1866 |  26.4 |      22 |      13 |  37.1
     Lair:3 |    9003 |    4798 |  34.8 |      38 |       9 |  19.1
     Lair:4 |    7012 |    1161 |  14.2 |      20 |       3 |  13.0
     Lair:5 |   14835 |    5829 |  28.2 |      44 |      24 |  35.3
            +---------+---------+-------+---------+---------+-------
